 Dungeon Crawl Stone Soup version 0.20.1-1-g8b1a95d (webtiles) character file.

7354 letownia2 the Reanimator (level 10, 0/91 HPs)
             Began as a Deep Dwarf Necromancer on Nov 17, 2017.
             Was an Initiate of Gozag.
             Killed from afar by Ymberto's ghost (13 damage)
             ... with a lance of force
             ... in a bailey.
             The game lasted 00:28:50 (8292 turns).

letownia2 the Reanimator (Deep Dwarf Necromancer)   Turns: 8292, Time: 00:28:51

Health: 0/91       AC: 10    Str: 13    XL:     10   Next: 91%
Magic:  27/31      EV: 12    Int: 18    God:    Gozag
Gold:   907        SH:  5    Dex: 22    Spells: 21/25 levels left

rFire    . . .     SeeInvis .   a - +1 short sword (elec)
rCold    x . .     Gourm    .   (no shield)
rNeg     + . .     Faith    .   I - +0 scale mail
rPois    .         Spirit   .   x - +1 helmet
rElec    .         Reflect  +   M - +0 cloak (curse)
rCorr    .         Harm     .   (no gloves)
MR       .....                  (no boots)
Stlth    +.........             i - +5 amulet of reflection
Regen    0.0/turn               K - ring of positive energy
MPRegen  0.3/turn               q - ring of Rypit {+Fly rC- MR- MP+9 Dex+9}

@: gold aura, flying, non-regenerating
A: damage resistance, heal wounds, sense surroundings 2, no regeneration
a: Heal Wounds, Potion Petition, Call Merchant, Bribe Branch, Renounce Religion


You were in a bailey.
You worshipped Gozag.
Gozag was pleased with you.
You were not hungry.

You visited 2 branches of the dungeon, and saw 9 of its levels.
You also visited: Sewer and Bailey.

You collected 1448 gold pieces.
You paid 541 gold pieces to Gozag.

Inventory:

Hand Weapons
 a - a +1 short sword of electrocution (weapon)
 g - a +2 dagger of flaming
 n - a +0 dagger
 w - a +1 trident of piercing
 C - a +0 war axe
 D - a +2 hand axe of chopping
 E - a +0 short sword of venom
 G - a +0 dagger of holy wrath
 L - a +3 quarterstaff of chaos
 N - a +2 dagger of pain
 P - a +2 hunting sling of flaming
 X - a +2 dagger of draining
Missiles
 Q - 18 sling bullets
 W - a throwing net (quivered)
Armour
 h - a +0 ring mail
 x - a +1 helmet (worn)
 I - a +0 scale mail (worn)
 M - a cursed +0 cloak (worn)
Jewellery
 b - an uncursed amulet of magic regeneration
 i - a +5 amulet of reflection (around neck)
 k - an uncursed ring of wizardry
 l - a +2 ring of dexterity
 o - an uncursed ring of resist corrosion
 q - the ring of Rypit (right hand) {+Fly rC- MR- MP+9 Dex+9}
   (You found it on level 4 of the Dungeon)

   [ring of magical power]

   It affects your dexterity (+9).
   It makes you vulnerable to cold.
   It affects your resistance to hostile enchantments.
   It affects your magic capacity (+9).
   It lets you fly.
 z - an uncursed amulet of rage
 K - a ring of positive energy (left hand)
Wands
 s - a wand of flame (0/48)
 y - a wand of acid (11/15)
Scrolls
 e - 2 scrolls of teleportation
 t - a scroll of recharging
 F - 2 scrolls of fear
 H - 2 scrolls of remove curse
 O - a scroll of brand weapon {unknown}
 R - a scroll of magic mapping
 S - 2 scrolls of identify
Potions
 c - 2 potions of agility {unknown}
 d - a potion of mutation {unknown}
 j - 2 potions of flight
 m - a potion of heal wounds {unknown}
 p - a potion of brilliance {unknown}
 v - a potion of invisibility {unknown}
 A - a potion of resistance {unknown}
 B - 7 potions of curing
 J - 2 potions of haste {unknown}
 U - 2 potions of degeneration {unknown}
 V - a potion of lignification {unknown}
Comestibles
 f - 7 meat rations
 r - 3 bread rations
 u - a fruit
 T - a royal jelly


   Skills:
 - Level 6.0 Fighting
 + Level 2.2 Axes
 - Level 3.7 Armour
 - Level 4.1 Dodging
 - Level 2.4 Stealth
 - Level 8.4 Spellcasting
 + Level 11.3 Necromancy
 - Level 6.0 Evocations


You had 21 spell levels left.
You knew the following spells:

 Your Spells              Type           Power        Failure   Level  Hunger
a - Pain                  Necr           ####         1%          1    None
v - Vampiric Draining     Necr           #####.....   1%          3    None


Dungeon Overview and Level Annotations

Branches:
Dungeon (8/15)             Temple (1/1) D:5
   Lair: D:8-11

Altars:
Ashenzari
Cheibriados
Dithmenos
Elyvilon
Gozag
Hepliaklqana
Kikubaaqudgha
Makhleb
Nemelex Xobeh
Qazlal
Sif Muna
Trog
Xom
Yredelemnul
Zin
The Shining One

Shops:
D:8 *

Annotations:
D:3 Irenicus's ghost, weakling DDMo Bailey Ymberto's ghost, novice DECj


Innate Abilities, Weirdness & Mutations

You are resistant to damage.
You can heal yourself by infusing magical energy.
You passively map the area around you.
You do not regenerate.


Message History

Aim: Ymberto's ghost, wielding a weapon of speed (lightly damaged)
The bolt of acid hits Ymberto's ghost.
Ymberto's ghost is moderately damaged.
This wand has 11 charges left.
Ymberto's ghost shouts, "They lied to you.
The Dungeon just goes down and down forever."
Ymberto's ghost casts a spell at you. The lance of force hits you!
* * * LOW HITPOINT WARNING * * *
You are knocked back by the lance of force.
You slam into the rock wall!
* * * LOW HITPOINT WARNING * * *
Unknown command.
It was a potion of flight.
You feel very buoyant.
You fly up into the air.
You feel better. Ymberto's ghost casts a spell at you.
The lance of force hits you!
You die...
Your body crumbles into a pile of gold.

## *
*####*##∩##*##### * ,
*,....##...##.....**,
$, *
,≈≈≈..#...#..≈≈≈. ,,
≈≈o≈≈.......≈≈.≈≈ , ,
,oo≈.......≈o..≈ , ,
o≈≈.......≈≈o≈≈ , ,,
≈ , #W..#,, , #(@.# ,
, , * , * ##∩## ** *,
###


You could see an orc knight, 2 orc warriors and Ymberto's ghost.

Vanquished Creatures
  A two-headed ogre (D:7)
  Joseph (D:7)
  A centaur zombie (D:8)
  The ghost of Agrougrou the Slasher, a novice BaSk (D:6)
  A harpy zombie (D:8)
  2 slime creatures (D:6)
  Sigmund (D:5)
  A human (D:7)
  4 hogs (D:7)
  A water moccasin (D:6)
  Duvessa (D:6)
  2 ice beasts
  A black bear (D:4)
  2 orc warriors
  A necrophage (D:7)
  4 ogres
  2 phantoms
  3 centaurs
  9 big kobolds
  3 bullfrogs
  Dowan (D:6)
  5 killer bees (D:7)
  4 wights (D:8)
  4 crimson imps
  6 jellies
  Crazy Yiuf (D:6)
  3 orc priests
  2 orc wizards (D:7)
  3 centaur skeletons
  An iguana (D:8)
  6 worker ants
  A killer bee zombie (D:7)
  A hound zombie (D:6)
  A hound skeleton (D:6)
  16 adders
  5 shadow imps
  9 oozes
  4 worms
  A dart slug (D:1)
  6 leopard geckos
  21 orcs
  7 giant cockroaches
  9 goblins
  7 hobgoblins
  12 kobolds
  3 quokkas
  7 ball pythons
  A ball python skeleton (D:4)
  6 bats (D:3)
  2 frilled lizards
  A jackal skeleton (D:7)
  10 rats
208 creatures vanquished.

Vanquished Creatures (others)
  2 fungi (D:6)
  8 toadstools (D:6)
10 creatures vanquished.

Grand Total: 218 creatures vanquished

Notes
Turn   | Place    | Note
-------+----------+-------------------------------------------
     0 | D:1      | letownia2 the Deep Dwarf Necromancer began the quest for the Orb.
     0 | D:1      | Reached XP level 1. HP: 15/15 MP: 3/3
   450 | D:2      | Found a bloodstained altar of Trog.
   474 | D:3      | Reached XP level 2. HP: 22/22 MP: 0/5
   576 | D:3      | Reached skill level 5 in Necromancy
   576 | D:3      | Reached XP level 3. HP: 16/28 MP: 0/6
   615 | D:3      | Learned a level 3 spell: Vampiric Draining
   696 | D:3      | Found a white marble altar of Elyvilon.
   830 | D:4      | Got a smoking copper ring
   838 | D:4      | Identified the ring of Rypit {+Fly rC- MR- MP+9 Dex+9} (You found it on level 4 of the Dungeon)
   902 | D:4      | Reached XP level 4. HP: 31/36 MP: 6/7
  1125 | D:4      | Noticed a black bear
  1134 | D:4      | Killed a black bear
  1134 | D:4      | Reached skill level 6 in Necromancy
  1134 | D:4      | Reached XP level 5. HP: 32/42 MP: 6/8
  1241 | D:4      | Noticed an ogre
  1359 | D:4      | Killed an ogre
  1359 | D:4      | Reached skill level 1 in Fighting
  1359 | D:4      | Reached skill level 1 in Armour
  1359 | D:4      | Reached XP level 6. HP: 48/51 MP: 4/10
  1549 | D:3      | Noticed Irenicus's ghost (weakling DDMo)
  1581 | D:5      | Entered Level 5 of the Dungeon
  1762 | D:5      | Found a staircase to the Ecumenical Temple.
  1762 | D:5      | Noticed an ice beast
  1807 | Temple   | Entered the Ecumenical Temple
  1907 | Temple   | Became a worshipper of Gozag Ym Sagoz the Greedy
  1951 | D:5      | Killed an ice beast
  1951 | D:5      | Reached skill level 7 in Necromancy
  2161 | D:5      | Reached XP level 7. HP: 48/57 MP: 12/12
  2376 | D:5      | Noticed Sigmund
  2704 | D:2      | Found a glowing golden altar of the Shining One.
  4281 | D:5      | Killed Sigmund
  4619 | D:5      | Reached skill level 8 in Necromancy
  4703 | D:6      | Noticed Agrougrou's ghost (novice BaSk)
  4732 | D:6      | Reached XP level 8. HP: 48/67 MP: 14/14
  4961 | D:6      | Reached skill level 5 in Spellcasting
  4970 | D:6      | Killed Agrougrou's ghost
  4970 | D:6      | Reached skill level 9 in Necromancy
  5031 | D:6      | Found a glowing drain.
  5053 | Sewer    | Entered a sewer
  5731 | D:6      | Noticed Duvessa
  5754 | D:6      | Noticed Dowan
  5765 | D:6      | Killed Dowan
  5765 | D:6      | Gained mutation: You passively map the area around you. [Deep Dwarf growth]
  5765 | D:6      | Reached XP level 9. HP: 55/73 MP: 18/18
  5767 | D:6      | Killed Duvessa
  5788 | D:6      | Found a runed door.
  5792 | D:6      | Noticed Crazy Yiuf
  5796 | D:6      | Killed Crazy Yiuf
  6880 | D:7      | Noticed Joseph
  6897 | D:7      | Killed Joseph
  7058 | D:7      | Reached skill level 5 in Evocations
  7058 | D:7      | Reached XP level 10. HP: 65/81 MP: 22/22
  7552 | D:7      | Reached skill level 10 in Necromancy
  7800 | D:7      | Noticed a two-headed ogre
  7813 | D:7      | Killed a two-headed ogre
  7813 | D:7      | Reached skill level 5 in Fighting
  8072 | D:8      | Found a flagged portal.
  8134 | D:8      | Reached skill level 11 in Necromancy
  8170 | D:8      | Reached skill level 1 in Axes
  8276 | Bailey   | Entered a bailey
  8276 | Bailey   | Noticed an orc knight
  8283 | Bailey   | Noticed an orc knight
  8286 | Bailey   | Noticed Ymberto's ghost (novice DECj)
  8290 | Bailey   | HP: 2/91 [rock wall collision (18)]
  8292 | Bailey   | Killed from afar by Ymberto's ghost

Skill      XL: |  1  2  3  4  5  6  7  8  9 10 |
---------------+-------------------------------+-----
Spellcasting   | 2 3 4 6 8 |  8.4
Necromancy     | 5 6 7 8 9 11 | 11.3
Fighting       | 1 2 6 |  6.0
Armour         | 1 3 |  3.7
Dodging        | 3 4 |  4.1
Evocations     | 5 6 |  6.0
Axes           | 2 |  2.2
Stealth        | |  2.4

Action                   |  1- 3 |  4- 6 |  7- 9 | 10-12 || total
-------------------------+-------+-------+-------+-------++-------
Melee: Short sword       |    15 |    16 |   166 |   142 ||   339
 Cast: Pain              |    25 |    23 |   209 |    26 ||   283
       Vampiric Draining |     4 |    18 |    53 |    54 ||   129
Invok: Call Merchant     |       |       |       |     1 ||     1
Evoke: Wand              |       |       |     3 |    13 ||    16
  Use: Scroll            |       |     3 |     5 |     2 ||    10
       Potion            |       |       |       |     2 ||     2
 Stab: Sleeping          |       |     1 |     3 |       ||     4
  Eat: Chunk             |       |     6 |       |       ||     6
       Royal jelly       |       |       |     3 |     3 ||     6
       Bread ration      |       |       |     2 |       ||     2
       Fruit             |       |       |     6 |       ||     6
Armor: Leather armour    |     6 |     7 |       |       ||    13
       Ring mail         |       |     1 |    20 |       ||    21
       Scale mail        |       |       |    39 |    80 ||   119
Dodge: Dodged            |    24 |    13 |   140 |   101 ||   278
Block: Other             |     4 |    10 |    59 |    36 ||   109
       Reflection        |       |       |     3 |     1 ||     4
